 Dungeon Crawl Stone Soup version 0.30-a0-1085-g990a428a5c (webtiles) character file.

Game seed: 17547133235560921415

1680946 Lavandula the Cloud Mage (level 27, 183/194 (207) HPs)
             Began as a Naga Venom Mage on Apr 16, 2023.
             Was a High Priest of Ru.
             Escaped with the Orb
             ... and 3 runes!
             The game lasted 04:16:50 (66768 turns).

Lavandula the Cloud Mage (Naga Venom Mage)         Turns: 66768, Time: 04:16:51

HP:   183/194 (207) AC: 35    Str: 17    XL:     27
MP:   24/34         EV: 14    Int: 28    God:    Ru [*****.]
Gold: 4204          SH:  0    Dex: 15    Spells: 3/57 levels left

rFire   + + +      SeeInvis +      - Unarmed
rCold   + + .      Faith    .    (no shield)
rNeg    + + +      Spirit   .    O - +4 fire dragon scales
rPois   +          Reflect  .    x - +0 helmet "Cati" {rElec rF+++ Will+ Str-2}
rElec   +          Rampage  .    s - scarf {rC+ rF+}
rCorr   +          Clarity  +    G - +4 pair of gloves "Kavyug" {rElec Slay+2 SInv}
Will    +++..                    T - +0 barding of Jigsaw {rPois rC+++ rCorr Slay-2}
Stlth   +                        K - amulet of magic regeneration
HPRegen 1.32/turn                p - ring of Esuehig {Wiz rElec rC- rN++ Dex+3}
MPRegen 0.64/turn                j - ring of Birhat {rN++ EV+5 Str+2 Int+3}

@: studying 2 skills, drained, very slow
A: AC +9, large, see invisible, deformed body, low MP 2, poison resistance,
slowness 2, spit poison 1, inability to use devices, weak-willed 1, unskilled 1,
naga tail 2, stinger 1, clarity, deterioration 1, frail 1, regeneration 1,
strong 1
0: Orb of Zot
}: 3/15 runes: decaying, slimy, gossamer
a: Spit Poison, Renounce Religion, Sacrifice Words, Sacrifice Health, Sacrifice
Courage, Reject Sacrifices, Draw Out Power, Power Leap, Apocalypse


You escaped.
You worshipped Ru.
Ru was extremely pleased with you.
You visited 13 branches of the dungeon, and saw 52 of its levels.
You visited 1 ziggurat, and saw 13 of its levels.
You also visited: Trove and Volcano.

You collected 7458 gold pieces.
You spent 3254 gold pieces at shops.

Inventory:

Missiles
 y - a throwing net
Armour
 s - a scarf of resistance (worn)
 x - the +0 helmet "Cati" (worn) {rElec rF+++ Will+ Str-2}
   (You found it on level 10 of a ziggurat)

   Str:       It affects your strength (-2).
   rF:        It renders you almost immune to fire.
   rElec:     It insulates you from electricity.
   Will:      It increases your willpower.
 F - a +2 hat of willpower
 G - the +4 pair of gloves "Kavyug" (worn) {rElec Slay+2 SInv}
   (You found it in a treasure trove)

   Slay:      It affects your accuracy & damage with ranged weapons and melee
   (+2).
   rElec:     It insulates you from electricity.
   SInv:      It lets you see invisible.
 H - the +1 helmet of the Storm King {rC+ Dex+4 Stlth+}
   (You found it in a treasure trove)

   Dex:       It affects your dexterity (+4).
   rC:        It protects you from cold.
   Stlth:     It makes you more stealthy.
 L - +1 steam dragon scales
 O - +4 fire dragon scales (worn)
 Q - the +9 plate armour "Ubail" {Regen+ MP+9 Dex-3}
   (You found it on level 9 of a ziggurat)

   Dex:       It affects your dexterity (-3).
   MP:        It affects your magic capacity (+9).
   Regen:     It increases your rate of health regeneration.
 T - the +0 barding of Jigsaw (worn) {rPois rC+++ rCorr Slay-2}
   (You found it in a treasure trove)

   Slay:      It affects your accuracy & damage with ranged weapons and melee
   (-2).
   rC:        It renders you almost immune to cold.
   rPois:     It protects you from poison.
   rCorr:     It protects you from acid and corrosion.
Jewellery
 g - the ring "Sisiduoxt" {Fire rN++ MP-9}
   (You took it off an orc on level 1 of the Orcish Mines)

   [ring of fire]

   It enhances your fire magic.
   rF:        It protects you from fire.
   rC:        It makes you vulnerable to cold.
   rN:        It greatly protects you from negative energy.
   MP:        It affects your magic capacity (-9).
 j - the ring of Birhat (right hand) {rN++ EV+5 Str+2 Int+3}
   (You bought it in a shop on level 7 of the Dungeon)

   [ring of evasion]

   EV:        It affects your evasion (+5).
   Str:       It affects your strength (+2).
   Int:       It affects your intelligence (+3).
   rN:        It greatly protects you from negative energy.
 p - the ring of Esuehig (left hand) {Wiz rElec rC- rN++ Dex+3}
   (You bought it in a shop on level 15 of the Dungeon)

   [ring of wizardry]

   It improves your spell success rate.
   Dex:       It affects your dexterity (+3).
   rC:        It makes you vulnerable to cold.
   rElec:     It insulates you from electricity.
   rN:        It greatly protects you from negative energy.
 u - the ring "Gyucito" {*Corrode rPois rN++ Int+5}
   (You found it on level 1 of the Realm of Zot)

   [ring of poison resistance]

   Int:       It affects your intelligence (+5).
   rPois:     It protects you from poison.
   rN:        It greatly protects you from negative energy.
   *Corrode:  It may corrode you when you take damage.
 z - a ring of wizardry
 D - the ring "Ubuzuw" {rElec EV+5 Str+7 Slay+2}
   (You found it on level 5 of the Pits of Slime)

   [ring of evasion]

   EV:        It affects your evasion (+5).
   Str:       It affects your strength (+7).
   Slay:      It affects your accuracy & damage with ranged weapons and melee
   (+2).
   rElec:     It insulates you from electricity.
 K - an amulet of magic regeneration (around neck)
 P - a ring of resist corrosion
 R - the ring "Moeshroh" {rF+ Will+ rCorr Int-5 Dex+3}
   (You found it on level 10 of a ziggurat)

   [ring of protection from fire]

   Int:       It affects your intelligence (-5).
   Dex:       It affects your dexterity (+3).
   rF:        It protects you from fire.
   rCorr:     It protects you from acid and corrosion.
   Will:      It increases your willpower.
 S - the ring of Equivalence {rElec rC++ Dex+6 SInv Stlth-}
   (You found it on level 11 of a ziggurat)

   [ring of dexterity]

   Dex:       It affects your dexterity (+6).
   rC:        It greatly protects you from cold.
   rElec:     It insulates you from electricity.
   SInv:      It lets you see invisible.
   Stlth:     It makes you less stealthy.
 U - a +6 ring of dexterity
Scrolls
 c - a scroll of blinking
 h - 28 scrolls of identify
 k - 13 scrolls of amnesia
 o - 3 scrolls of butterflies
 r - 6 scrolls of silence
 v - 16 scrolls of teleportation
 A - 15 scrolls of fog
 C - 2 scrolls of fear
 E - 12 scrolls of poison
 I - 5 scrolls of immolation
 N - 6 scrolls of magic mapping
 W - a scroll of enchant armour
Potions
 a - 16 potions of brilliance
 b - 4 potions of magic
 d - 21 potions of curing
 e - 9 potions of heal wounds
 f - 7 potions of ambrosia
 i - 6 potions of invisibility
 l - 13 potions of might
 m - 8 potions of attraction
 n - 7 potions of mutation
 q - 4 potions of resistance
 t - a potion of berserk rage
 w - 11 potions of lignification
 B - 3 potions of cancellation
 J - 5 potions of haste
 M - 5 potions of flight


   Skills:
 - Level 10.8 Fighting
 - Level 5.5 Throwing
 - Level 13.1 Armour
 - Level 9.3 Dodging
 - Level 9.0 Stealth
 - Level 6.1 Unarmed Combat
 - Level 15.5 Spellcasting
 + Level 21.6 Conjurations
 - Level 3.0 Translocations
 - Level 5.6 Transmutations
 - Level 2.6 Fire Magic
 - Level 25.9 Air Magic
 - Level 5.1 Earth Magic
 - Level 6.5 Poison Magic


You had 3 spell levels left.
You knew the following spells:

 Your Spells              Type           Power      Damage    Failure   Level
a - Passwall              Tmut/Erth      42%        N/A       1%          2
b - Conjure Ball Lightni  Conj/Air       50%        3x3d17    1%          6
c - Mephitic Cloud        Conj/Pois/Air  89%        N/A       0%          3
d - Olgreb's Toxic Radia  Pois           55%        N/A       1%          4
e - Ignite Poison         Fire/Tmut/Pois 49%        N/A       1%          3
f - Maxwell's Capacitive  Air            52%        ∞         1%          8
g - Apportation           Tloc           76%        N/A       1%          1
h - Swiftness             Air            100%       N/A       0%          3
i - Blink                 Tloc           76%        N/A       1%          2
j - Irradiate             Conj/Tmut      39%        3d24      1%          5
k - Airstrike             Air            52%        2d(8-24)  0%          4
l - Chain Lightning       Conj/Air       50%        3d67      16%         9
m - Passage of Golubria   Tloc           38%        N/A       9%          4

Your spell library contained the following spells:

 Spells                   Type           Power      Damage    Failure   Level
 Shock                    Conj/Air       100%       1d9       0%          1
 Poisonous Vapours        Pois/Air       100%       N/A       0%          2
 Static Discharge         Conj/Air       100%       2-7/arc   0%          2
 Beastly Appendage        Tmut           100%       N/A       1%          1
 Foxfire                  Conj/Fire      100%       2x1d9     1%          1
 Sting                    Tmut/Pois      100%       1d8       1%          1
 Lesser Beckoning         Tloc           76%        N/A       1%          2
 Momentum Strike          Conj/Tloc      100%       3d10      1%          2
 Wereblood                Tmut           52%        N/A       1%          2
 Dazzling Flash           Conj/Hex       100%       N/A       1%          3
 Hailstorm                Conj/Ice       70%        3d15      1%          3
 Spider Form              Tmut/Pois      54%        N/A       1%          3
 Vhi's Electric Charge    Tloc/Air       100%       N/A       1%          3
 Freeze                   Ice            84%        1d9       2%          1
 Necrotise                Necr           84%        1d8       2%          1
 Slow                     Hex            84%        N/A       2%          1
 Summon Small Mammal      Summ           84%        N/A       2%          1
 Gell's Gravitas          Tloc           38%        N/A       2%          3
 Volatile Blastmotes      Fire/Tloc      74%        2d16      2%          3
 Ensorcelled Hibernation  Hex/Ice        42%        N/A       4%          2
 Sublimation of Blood     Necr           21%        N/A       4%          2
 Inner Flame              Hex/Fire       29%        N/A       4%          3
 Portal Projectile        Hex/Tloc       60%        N/A       4%          3
 Call Canine Familiar     Summ           21%        N/A       9%          3
 Frozen Ramparts          Ice            42%        1d7       9%          3
 Ozocubu's Armour         Ice            21%        N/A       9%          3
 Summon Guardian Golem    Hex/Summ       21%        N/A       9%          3
 Vampiric Draining        Necr           21%        2d7       9%          3
 Arcjolt                  Conj/Air       50%        1d60      0%          5
 Fulminant Prism          Conj/Hex       35%        3d17      1%          4
 Iskenderun's Mystic Bla  Conj/Tloc      74%        2d15      1%          4
 Sticky Flame             Conj/Fire      74%        2d9       1%          4
 Summon Lightning Spire   Summ/Air       76%        N/A       1%          4
 Fireball                 Conj/Fire      37%        3d15      1%          5
 Iskenderun's Battlesphe  Conj           97%        2d14      1%          5
 Silence                  Hex/Air        38%        N/A       1%          5
 Iron Shot                Conj/Erth      38%        9d8       1%          6
 Plasma Beam              Fire/Air       40%        2x1d59    1%          6
 Orb of Destruction       Conj           48%        9d13      1%          7
 Starburst                Conj/Fire      37%        6d11      2%          6
 Petrify                  Tmut/Erth      51%        N/A       3%          4
 Storm Form               Tmut/Air       41%        N/A       3%          7
 Alistair's Intoxication  Tmut/Pois      36%        N/A       6%          5
 Ice Form                 Ice/Tmut       37%        N/A       9%          4
 Manifold Assault         Tloc           38%        N/A       9%          4
 Lee's Rapid Deconstruct  Erth           25%        3d14*     9%          5
 Leda's Liquefaction      Hex/Erth       18%        N/A       10%         4
 Yara's Violent Unravell  Hex/Tmut       18%        3d9       24%         5
 Anguish                  Hex/Necr       10%        N/A       26%         4
 Cause Fear               Hex            10%        N/A       26%         4
 Borgnjor's Vile Clutch   Necr/Erth      18%        N/A       26%         5
 Spellforged Servitor     Conj/Summ      35%        N/A       26%         7
 Eringya's Noxious Bog    Tmut/Pois      27%        N/A       32%         6
 Statue Form              Tmut/Erth      34%        N/A       41%         6
 Agony                    Necr           21%        N/A       56%         5
 Metabolic Englaciation   Hex/Ice        10%        N/A       56%         5
 Summon Mana Viper        Hex/Summ       21%        N/A       56%         5
 Lehudib's Crystal Spear  Conj/Erth      38%        10d10     56%         8
 Dispersal                Tloc           19%        N/A       73%         6
 Dragon Form              Tmut           26%        N/A       89%         7
 Simulacrum               Ice/Necr       10%        N/A       98%         6
 Enfeeble                 Hex            10%        N/A       100%        7
 Malign Gateway           Summ/Tloc      15%        N/A       100%        7
 Discord                  Hex            10%        N/A       100%        8
 Disjunction              Tloc           19%        N/A       100%        8
 Ignition                 Fire           18%        3d7       100%        8
 Summon Horrible Things   Summ           10%        N/A       100%        8
 Fire Storm               Conj/Fire      37%        8d9       100%        9
 Shatter                  Erth           25%        3d21*     100%        9


Dungeon Overview and Level Annotations

Branches:
Dungeon (15/15)            Temple (1/1) D:4            Lair (5/5) D:9
  Swamp (4/4) Lair:2       Spider (4/4) Lair:3        Slime (5/5) Lair:5
    Orc (2/2) D:9             Elf (1/3) Orc:2        Vaults (4/5) D:14
  Crypt (1/3) Vaults:2     Depths (4/4) D:15           Hell (visited)
    Zot (5/5) Depths:4    Volcano (visited)
    Dis: Hell:1         Geh: Hell:1         Coc: Hell:1         Tar: Hell:1

Altars:
Ashenzari
Cheibriados
Dithmenos
Elyvilon
Fedhas
Gozag
Hepliaklqana
Kikubaaqudgha
Makhleb
Nemelex Xobeh
Okawaru
Qazlal
Ru
Sif Muna
Trog
Uskayaw
Vehumet
Wu Jian
Xom
Yredelemnul
Zin
The Shining One
Jiyva

Shops:
D:7 =   D:15 =   Orc:2 [:[*   Elf:1 *   Vaults:1 !   Vaults:3 [   Vaults:4 [
Depths:1 :

Portals:
Hell: Depths:1 Depths:2 Depths:3 Depths:4
Abyss: Lair:3 Depths:1 Depths:3
Pandemonium: Depths:2

Annotations:
Elf:1 8 runed translucent doors
Depths:3 1 exclusion
Zot:3 6 transporters
Zot:5 2 transporters, Eteduell's ghost, legendary HuCK


Innate Abilities, Weirdness & Mutations

Your serpentine skin is tough. (AC +9)
You have supernaturally acute eyesight. (SInv)
Armour fits poorly on your strangely shaped body.
Your magical capacity is very low. (-20% MP)
Your system is resistant to poisons. (rPois)
You cover ground very slowly.
You can spit poison.
You cannot study or use magical devices.
You are slightly weak-willed. (Will-)
You are somewhat unskilled. (-1 Apt)
You can use your snake-like lower body to constrict enemies.
Your tail ends in a venomous barb.
You possess an exceptional clarity of mind.
Your body sometimes deteriorates upon taking damage.
You are frail. (-10% HP)
Your natural rate of healing is unusually fast.
Your muscles are strong. (Str +4, Int/Dex -1)


Message History

The electricity discharges through Jihot!
Jihot vaporises in an electric haze!
You kill Jihot!
You feel your strength returning.
Casting: Maxwell's Capacitive Coupling (mildly dangerous; 1% risk of failure)
Confirm with . or Enter, or press ? or * to list all spells.
You begin accumulating electric charge. (Press . to continue charging.)
You feel charge building up...
You feel charge building up...
You feel charge building up...
You feel charge building up...
The large abomination is stunned by your conviction and fails to attack.
The electricity discharges through the large abomination!
The large abomination vaporises in an electric haze!
You destroy the large abomination!
You hear a howl!
Casting: Maxwell's Capacitive Coupling (mildly dangerous; 1% risk of failure)
Confirm with . or Enter, or press ? or * to list all spells.
Aiming: Passwall (safe; 1% risk of failure)
Press: ? - help, Dir - move target A rock wall.
This square is covered in magical glow.
You begin to meditate on the wall.
You continue meditating on the rock. x2
You finish merging with the rock.
Casting: Passwall (safe; 1% risk of failure)
Confirm with . or Enter, or press ? or * to list all spells.
Aiming: Passwall (safe; 1% risk of failure)
Press: ? - help, Dir - move target A rock wall.
This square is covered in magical glow.
The chaos spawn is stunned by your conviction and fails to attack.
The sun demon barely misses you.
You begin to meditate on the wall.
You continue meditating on the rock.
The chaos spawn gores you. The sun demon closely misses you.
You continue meditating on the rock.
The sun demon misses you. The chaos spawn gores you!
You finish merging with the rock.
There is a staircase leading out of the dungeon here.
You have escaped!

#.........'........#
#.################.# ##
#.#.......'......#.# #.
#.#.############.#.# #.
#.#.#.....'....#.#.# #.
#.#.#.########.#.#.# #.
#.#.#.#43.'..#.#.#.# #.
#.#.#.#.####.#.#.#.# #.
#.#.#.#.#@##'#'#'#'# #.
#'#'#'#'#'##>#.#.#.# ##
#...#.#.#..###.#.#.# ##
#.#.#.#.#..'...#.#.# #.
#.#.#.#.########.#.# #.
#.#.#.#....'.....#.# ##.
#.#.#.############.# ###..
#.#.#......'.......###....
#...################...###


There were no monsters in sight!

Vanquished Creatures
  the Royal Jelly (Slime:5)
  Tiamat (Zot:4)
  4 orbs of fire
  2 ancient liches
  Mennas (Vaults:4)
  A dread lich (Zot:5)
  2 juggernauts
  Mara (Vaults:3)
  The ghost of Kiciri the Executioner, a veteran DsGl of Makhleb (Zot:1)
  The ghost of fly the Acrobat, a veteran DgDe (Depths:4)
  Bai Suzhen (Vaults:4)
  7 Killer Klowns (Zot:5)
  Margery (Vaults:2)
  2 curse toes
  11 golden dragons
  Geryon (Hell)
  A caustic shrike (Depths:3)
  Nikola (Vaults:2)
  3 profane servitors
  Jory (Vaults:3)
  A bone dragon (Depths:4)
  2 Brimstone Fiends
  5 electric golems
  Rupert (D:13)
  A Hell Sentinel (Depths:3)
  7 tentacled monstrosities
  Jorgrun (Elf:1)
  Mlioglotl (Spider:2)
  A tainted leviathan (Hell)
  15 Orb Guardians
  17 acid blobs
  3 liches
  2 titans (Depths:3)
  A tentacled starspawn (Lair:3)
  4 searing wretches
  2 quicksilver dragons
  6 death cobs
  2 ancient champions (Zig:11)
  2 pandemonium lords
  Gastronok (Lair:2)
  Roxanne (Swamp:3)
  A thorn hunter (Swamp:4)
  7 storm dragons
  11 draconian monks
  4 tengu reavers
  7 shadow dragons
  A revenant (Vaults:2)
  10 azure jellies
  11 rockslimes
  7 draconian knights
  5 fire giants
  12 vault wardens
  Louise (Depths:3)
  5 frost giants
  6 ghost moths
  10 emperor scorpions
  2 curse skulls (Zig:11)
  The ghost of jrbgvjkr the Tortoise, a journeyman MiFi of Okawaru (Lair:3)
  3 spriggan defenders (Depths:2)
  Aizul (Vaults:2)
  4 draconian shifters
  8 draconian stormcallers
  3 orc warlords (Orc:1)
  11 draconian annihilators
  6 broodmothers
  15 draconian scorchers
  18 ironbound preservers
  28 very ugly things
  10 quicksilver oozes
  4 ironbound thunderhulks
  The ghost of Majang the Basher, a journeyman FoFi of Cheibriados (Lair:4)
  4 reapers
  5 war gargoyles
  6 stone giants
  12 green draconians
  A putrid mouth (Hell)
  A deep elf demonologist (Vaults:2)
  3 lorocyprocas
  11 white draconians
  11 yellow draconians
  3 eleionomae
  A deep elf annihilator (Zig:13)
  13 black draconians
  7 vampire knights
  15 purple draconians
  9 dire elephants
  9 bunyips
  15 red draconians
  2 blizzard demons (Zig:2)
  11 spark wasps
  4 iron golems (Hell)
  3 eidola (Zig:11)
  A green death (Zig:12)
  11 entropy weavers
  4 ettins
  5 fire dragons
  A merfolk javelineer (Depths:4)
  2 crystal guardians (Vaults:4)
  14 great orbs of eyes
  3 deep elf high priests (Zig:13)
  Fannar (Orc:1)
  11 yaktaur captains
  4 rakshasas
  25 hydras
  A jorogumo (Spider:4)
  3 ogre magi
  4 spriggan air magi
  A juggernaut simulacrum (Depths:1)
  A salamander tyrant (Zig:3)
  6 peacekeepers
  12 vault guards
  7 ice dragons
  7 ironbound frosthearts
  7 boulder beetles
  A stoker (Hell)
  3 ghost crabs
  8 alligators
  16 two-headed ogres
  2 radroaches
  8 centaur warriors
  A spriggan skeleton (Hell)
  The ghost of IndexError the Arsonist, a journeyman GrFE of Ashenzari (D:10)
  8 dancing weapons
  2 satyrs
  7 deep troll earth magi
  3 spriggan berserkers
  3 deep troll shamans
  A thrashing horror (Lair:3)
  2 orc high priests
  7 tengu warriors
  4 hell hogs
  2 vampire magi
  Sonja (Orc:1)
  A naga sharpshooter (Zig:5)
  14 deep elf knights
  10 hell knights
  2 skysharks (Lair:5)
  A fire crab (Lair:4)
  2 soul eaters (Hell)
  5 skeletal warriors
  A shadow wraith (Zig:11)
  The ghost of sadpotato the Convoker, a journeyman FeSu of Gozag (Lair:5)
  5 iron trolls
  62 deep trolls
  3 pharaoh ants
  7 goliath frogs
  2 sun moths
  7 wizards
  6 spriggan druids
  3 flayed ghosts
  2 obsidian statues (Zig:3)
  A death drake (shapeshifter) (Zig:9)
  12 ironbound convokers
  11 orb spiders
  12 lindwurms
  7 bog bodies
  An orange crystal statue (Zig:3)
  16 deep elf archers
  5 glowing orange brains
  17 deep elf pyromancers
  14 deep elf zephyrmancers
  6 phantasmal warriors
  4 swamp dragons
  4 necromancers
  A large abomination (D:1)
  9 steelbarb worms
  52 ugly things
  6 orc knights
  An oklob plant (Lair:3)
  9 cyclopes
  22 wolf spiders
  2 will-o-the-wisps
  7 orc sorcerers
  5 shining eyes
  3 salamanders (Volcano)
  A faun (Zig:5)
  5 black mambas
  30 moths of wrath
  17 elephants
  3 rust devils (Hell)
  A guardian serpent (Zig:3)
  A naga zombie (Hell)
  Joseph (D:9)
  An ice statue (Zig:3)
  6 eyes of devastation
  2 naga magi (Zig:3)
  22 vault sentinels
  8 demonic crawlers
  A gargoyle (D:12)
  An orange demon (Zot:5)
  5 kobold demonologists
  A cane toad (shapeshifter) (Zig:13)
  13 torpor snails
  An orc skeleton (Hell)
  30 yaktaurs
  3 efreet
  2 unseen horrors
  11 cane toads
  8 komodo dragons
  4 ice devils
  2 rime drakes (Lair:4)
  A tormentor (Depths:4)
  A tengu conjurer (Depths:1)
  Psyche (D:11)
  2 red devils
  2 bloated husks
  A merfolk (shapeshifter) (D:10)
  8 meliai
  5 polar bears
  15 trolls
  28 hornets
  A hornet (shapeshifter) (D:14)
  10 tyrant leeches
  28 tarantellas
  2 dream sheep (Lair:5)
  8 blink frogs
  An iron dragon simulacrum (Hell)
  A shadow (D:10)
  13 culicivoras
  16 jumping spiders
  91 slime creatures
  A centaur simulacrum (Hell)
  A dire elephant simulacrum (Hell)
  7 air elementals
  An ettin skeleton (Depths:1)
  11 wyverns
  21 spriggans
  2 wraiths
  A ynoxinul (Lair:3)
  10 water elementals
  10 golden eyes
  25 fire elementals
  15 yaks
  Grum (D:8)
  A yak (shapeshifter) (D:14)
  2 neqoxecs (D:10)
  55 redbacks
  4 steam dragons
  An alligator snapping turtle simulacrum (Hell)
  3 basilisks
  A chaos spawn (Depths:4)
  A steam dragon (shapeshifter) (D:10)
  7 vampire mosquitoes
  A swamp worm (shapeshifter) (Zig:9)
  16 swamp worms
  6 wargs (Orc:1)
  A hydra simulacrum (Hell)
  10 water moccasins
  A floating eye (shapeshifter) (Depths:4)
  3 swamp drakes
  2 meliai simulacra
  35 orc warriors
  An ice beast (D:8)
  2 sky beasts
  A spriggan simulacrum (Depths:1)
  7 black bears
  An ogre (shapeshifter) (D:10)
  36 ogres
  8 boggarts
  14 centaurs
  32 wolves
  2 phantoms
  4 kobold brigands
  2 earth elementals (Elf:1)
  8 gnoll sergeants (D:9)
  13 bullfrogs
  10 scorpions
  A necrophage (Crypt:1)
  2 killer bees (D:8)
  A vampire bat (D:3)
  2 electric eels
  6 howler monkeys
  7 hounds
  A jelly (D:5)
  A gnoll bouda (D:9)
  10 orc priests
  2 sleepcaps (D:6)
  20 orc wizards
  7 iguanas
  8 hell rats
  Robin (D:3)
  5 adders
  4 gnolls (D:9)
  9 river rats (Lair:5)
  A river rat (shapeshifter) (D:10)
  4 white imps
  2 ufetubi (D:6)
  2 worms
  5 dart slugs
  9 fire bats
  90 orcs
  A spectral bat (D:3)
  3 bat skeletons (D:3)
  A bat zombie (D:3)
  6 endoplasms
  8 giant cockroaches
  16 goblins
  13 hobgoblins
  3 jackals (D:1)
  16 kobolds
  4 quokkas
  9 ball pythons
  15 bats
  A bat simulacrum (D:3)
  5 frilled lizards
  6 rats
  3 butterflies (D:8)
  2 starspawn tentacles (Lair:3)
2175 creatures vanquished.

Vanquished Creatures (collateral kills)
  8 ball lightnings
8 creatures vanquished.

Vanquished Creatures (others)
  A walking frostbound tome (Depths:3)
  An acid blob (Slime:5)
  A tengu reaver (Depths:2)
  A death cob (Zot:4)
  An azure jelly (Slime:5)
  A vault warden (Vaults:4)
  A stone giant (Depths:2)
  2 ironbound preservers
  A black draconian (Zot:4)
  2 dire elephants (Vaults:4)
  A yellow draconian (Zot:2)
  A bunyip (Swamp:4)
  A crystal guardian (Vaults:1)
  A fire dragon (Depths:1)
  A yaktaur captain (Vaults:4)
  A great orb of eyes (Vaults:4)
  A centaur warrior (Vaults:2)
  An alligator (Swamp:3)
  A deep elf knight (Elf:1)
  7 deep trolls
  An ironbound convoker (Vaults:1)
  2 wolf spiders
  A moth of wrath (Zot:2)
  2 elephants (Lair:2)
  A demonic crawler (Spider:2)
  2 cane toads
  2 komodo dragons
  A yaktaur (Vaults:2)
  2 bloated husks
  A hornet (Lair:2)
  A jumping spider (Spider:2)
  5 slime creatures
  2 redbacks
  A golden eye (Slime:5)
  A wolf (Depths:2)
  2 ogres
  A bullfrog (Lair:1)
  A scorpion (D:6)
  An orc priest (Orc:1)
  An orc wizard (D:11)
  2 hell rats (Lair:5)
  A spectral bat (D:3)
  405 ball lightnings
  9 foxfires (Swamp:3)
  90 fungi
  141 plants
  4 starspawn tentacles (Lair:3)
  6 withered plants (Swamp:4)
717 creatures vanquished.

Grand Total: 2900 creatures vanquished

Notes
Turn   | Place    | Note
-------+----------+-------------------------------------------
     0 | D:1      | Lavandula the Naga Venom Mage began the quest for the Orb.
     0 | D:1      | Reached XP level 1. HP: 15/15 MP: 3/3
   421 | D:1      | Reached XP level 2. HP: 12/22 MP: 0/5
   553 | D:1      | Learned a level 2 spell: Poisonous Vapours
   558 | D:1      | Reached skill level 5 in Poison Magic
   838 | D:1      | Reached XP level 3. HP: 28/28 MP: 3/6
   842 | D:1      | Learned a level 3 spell: Mephitic Cloud
  1748 | D:2      | Reached XP level 4. HP: 21/36 MP: 0/7
  2162 | D:4      | Noticed a scorpion
  2165 | D:4      | Noticed a scorpion
  2212 | D:4      | Killed a scorpion
  2213 | D:4      | Reached XP level 5. HP: 29/42 MP: 4/9
  2218 | D:4      | Learned a level 4 spell: Olgreb's Toxic Radiance
  2384 | D:4      | Reached XP level 6. HP: 49/49 MP: 5/10
  2690 | D:3      | Noticed Robin
  2857 | D:3      | Killed Robin
  3112 | D:3      | Found a snail-covered altar of Cheibriados.
  3410 | D:3      | Reached skill level 1 in Fighting
  3410 | D:3      | Reached XP level 7. HP: 57/57 MP: 5/13
  3414 | D:3      | Learned a level 3 spell: Ignite Poison
  3590 | D:3      | Reached skill level 1 in Fire Magic
  3731 | D:4      | Found a staircase to the Ecumenical Temple.
  3744 | Temple   | Entered the Ecumenical Temple
  4771 | D:5      | Entered Level 5 of the Dungeon
  5066 | D:5      | Reached XP level 8. HP: 60/69 MP: 10/15
  5070 | D:5      | Learned a level 3 spell: Spider Form
  5103 | D:5      | Found a glowing silver altar of Zin.
  5108 | D:5      | Found an ancient bone altar of Kikubaaqudgha.
  5108 | D:5      | Found a sacrificial altar of Ru.
  5111 | D:5      | You fall into a shaft and drop 1 floor!
  5172 | D:5      | Reached skill level 5 in Spellcasting
  5333 | D:5      | Became a worshipper of Ru the Awakened
  5455 | D:5      | Reached skill level 5 in Unarmed Combat
  6109 | D:6      | Found a glowing golden altar of the Shining One.
  6174 | D:6      | Found a bloodstained altar of Trog.
  6309 | D:6      | Reached XP level 9. HP: 64/80 MP: 7/16
  6382 | D:6      | Reached skill level 5 in Fighting
  6747 | D:6      | Found a shimmering altar of Xom.
  7500 | D:7      | Noticed a cyclops
  7506 | D:7      | Killed a cyclops
  7570 | D:7      | Found Waremuh's Jewellery Emporium.
  7630 | D:7      | Reached XP level 10. HP: 95/99 MP: 4/17
  7766 | D:7      | Gained mutation: Your magical capacity is low. (-10% MP)
                  | [Ru sacrifice]
  8255 | D:8      | Noticed Grum
  8285 | D:8      | Killed Grum
  8644 | D:8      | Found a runed translucent door.
  8646 | D:8      | Found a runed translucent door.
  9078 | D:8      | Identified the +2 hand axe of the Unbearable God {flame,
                  | Fragile rPois rC+ Dex+2}
  9331 | D:8      | Reached skill level 5 in Dodging
  9819 | D:9      | Found a staircase to the Orcish Mines.
  9824 | D:9      | Reached XP level 11. HP: 79/106 MP: 5/16
 10212 | D:9      | Noticed a two-headed ogre
 10220 | D:9      | Killed a two-headed ogre
 10372 | D:9      | Noticed Joseph
 10383 | D:9      | Killed Joseph
 10614 | D:9      | Noticed a centaur warrior
 10628 | D:9      | Gained mutation: You cannot study or use magical devices.
                  | [Ru sacrifice]
 10628 | D:9      | Reached * piety under Ru
 10628 | D:9      | Reached ** piety under Ru
 10628 | D:9      | Reached *** piety under Ru
 10630 | D:9      | Killed a centaur warrior
 10899 | D:9      | Learned a level 4 spell: Airstrike
 11090 | D:9      | Found a staircase to the Lair.
 11103 | D:9      | Reached skill level 1 in Air Magic
 11484 | D:10     | Entered Level 10 of the Dungeon
 11526 | D:10     | Reached skill level 2 in Air Magic
 11962 | D:10     | Reached skill level 3 in Air Magic
 12102 | D:10     | Found a shadowy altar of Dithmenos.
 12154 | D:10     | Noticed a two-headed ogre
 12167 | D:10     | Killed a two-headed ogre
 12168 | D:10     | Reached skill level 4 in Air Magic
 12422 | D:10     | Reached skill level 5 in Air Magic
 12514 | D:10     | Noticed a two-headed ogre
 12522 | D:10     | Killed a two-headed ogre
 12624 | D:10     | Found a runed translucent gate.
 12624 | D:10     | Found a runed translucent gate.
 12624 | D:10     | Found a runed translucent gate.
 12624 | D:10     | Noticed a brown ugly thing
 12624 | D:10     | Noticed a white ugly thing
 12624 | D:10     | Noticed a brown ugly thing
 12626 | D:10     | Noticed a faun
 12627 | D:10     | a faun changed into a swamp dragon
 12627 | D:10     | Noticed a swamp dragon (glowing shapeshifter)
 12627 | D:10     | Noticed a cyan ugly thing
 12630 | D:10     | a swamp dragon changed into a tarantella
 12731 | D:10     | Found a white marble altar of Elyvilon.
 12899 | D:10     | Noticed a fire crab
 12900 | D:10     | a fire crab changed into a redback
 12902 | D:10     | Noticed a sea snake
 12903 | D:10     | a sea snake changed into a death drake
 12903 | D:10     | Noticed a death drake (glowing shapeshifter)
 12906 | D:10     | a death drake changed into a cyclops
 12906 | D:10     | Noticed a cyclops (glowing shapeshifter)
 12907 | D:10     | a cyclops changed into a dream sheep
 12911 | D:10     | a dream sheep changed into a faun
 12911 | D:10     | Noticed a faun (glowing shapeshifter)
 12912 | D:10     | a faun changed into a mana viper
 12912 | D:10     | Noticed a mana viper (glowing shapeshifter)
 12914 | D:10     | a mana viper changed into a spriggan
 13010 | D:11     | Reached skill level 6 in Air Magic
 13150 | D:11     | Noticed a boulder beetle
 13164 | D:11     | Killed a boulder beetle
 13165 | D:11     | Reached XP level 12. HP: 114/115 MP: 13/17
 13262 | D:11     | Gained mutation: You are somewhat unskilled. (-1 Apt) [Ru
                  | sacrifice]
 13262 | D:11     | Reduced skill Unarmed Combat to level 5
 13262 | D:11     | Reduced skill Transmutations to level 1
 13262 | D:11     | Reached **** piety under Ru
 13287 | D:11     | Noticed Psyche
 13291 | D:11     | Killed Psyche
 13323 | D:11     | Noticed a two-headed ogre
 13331 | D:11     | Reached skill level 7 in Air Magic
 13337 | D:11     | Killed a two-headed ogre
 13405 | D:11     | Noticed a boulder beetle
 13411 | D:11     | Killed a boulder beetle
 13412 | D:11     | Reached skill level 8 in Air Magic
 14089 | Orc:1    | Entered Level 1 of the Orcish Mines
 14130 | Orc:1    | Noticed Sonja
 14132 | Orc:1    | Killed Sonja
 14133 | Orc:1    | Reached skill level 9 in Air Magic
 14200 | Orc:1    | Found a dark tunnel.
 14211 | Volcano  | Entered a volcano
 14212 | Volcano  | Noticed a two-headed ogre
 14218 | Volcano  | Killed a two-headed ogre
 14565 | Volcano  | Reached skill level 10 in Air Magic
 14816 | Volcano  | Reached skill level 11 in Air Magic
 14868 | Volcano  | Noticed a fire dragon
 14883 | Volcano  | Killed a fire dragon
 14884 | Volcano  | Gained mutation: You can use your snake-like lower body to
                  | constrict enemies. [Naga growth]
 14884 | Volcano  | Reached XP level 13. HP: 96/118 MP: 3/17
 14946 | Orc:1    | Noticed an orc warlord
 14962 | Orc:1    | Killed an orc warlord
 14963 | Orc:1    | Reached skill level 5 in Spellcasting
 15301 | Orc:2    | Entered Level 2 of the Orcish Mines
 15301 | Orc:2    | Found a runed translucent door.
 15332 | Orc:2    | Reached skill level 1 in Armour
 15506 | Orc:2    | Paralysed by an ogre mage for 2 turns
 15632 | Orc:2    | Gained mutation: You are slightly weak-willed. (Will-) [Ru
                  | sacrifice]
 15632 | Orc:2    | Reached ***** piety under Ru
 15666 | Orc:2    | Reached skill level 5 in Armour
 15824 | Orc:2    | Found Nuxum's General Store.
 15844 | Orc:2    | Found Huejuhat's Antique Armour Shop.
 15849 | Orc:2    | Found Vuqyn's Book Shoppe.
 15851 | Orc:2    | Bought a scroll of butterflies for 40 gold pieces
 15856 | Orc:2    | Bought a glowing scarf for 256 gold pieces
 15858 | Orc:2    | Found Lorpheuli's Antique Armour Boutique.
 15865 | Orc:2    | Found a staircase to the Elven Halls.
 16555 | Orc:1    | Reached XP level 14. HP: 127/127 MP: 11/20
 16558 | Orc:1    | Noticed Fannar
 16576 | Orc:1    | Killed Fannar
 16881 | Orc:1    | Noticed an orc warlord
 16897 | Orc:1    | Noticed an orc warlord
 16900 | Orc:1    | Killed an orc warlord
 16924 | Orc:1    | Identified the ring "Sisiduoxt" {Fire rN++ MP-9}
 16930 | Orc:1    | Killed an orc warlord
 17304 | Orc:1    | Learned a level 3 spell: Swiftness
 17332 | Orc:2    | Bought a book of Spatial Translocations for 252 gold pieces
 17336 | Orc:2    | Learned a level 2 spell: Blink
 17426 | D:7      | Bought the ring of Birhat {rN++ EV+5 Str+2 Int+3} for 896
                  | gold pieces
 17495 | Lair:1   | Entered Level 1 of the Lair of Beasts
 18055 | Lair:1   | Reached skill level 1 in Translocations
 18586 | Lair:2   | Noticed a dire elephant
 18599 | Lair:2   | Killed a dire elephant
 18687 | Lair:2   | Paralysed by a hornet for 3 turns
 18701 | Lair:2   | Found a staircase to the Swamp.
 18737 | Lair:2   | Noticed Gastronok
 18749 | Lair:2   | Killed Gastronok
 18775 | Lair:2   | Reached skill level 10 in Fighting
 19376 | Lair:2   | Reached XP level 15. HP: 130/140 MP: 5/21
 20171 | Lair:3   | Found a transporter.
 20191 | Lair:3   | Found a transporter.
 20195 | Lair:3   | Noticed jrbgvjkr's ghost (journeyman MiFi)
 20202 | Lair:3   | Found a one-way gate to the infinite horrors of the Abyss.
 20212 | Lair:3   | Noticed a tentacled starspawn
 20369 | Lair:3   | Found a hole to the Spider Nest.
 20620 | Lair:3   | Reached skill level 5 in Stealth
 21420 | Lair:4   | You fall into a shaft and drop 1 floor!
 21420 | Lair:5   | Entered Level 5 of the Lair of Beasts
 21442 | Lair:5   | Found a large runed translucent door.
 21443 | Lair:5   | Found a large runed translucent door.
 22055 | Lair:5   | Noticed sadpotato's ghost (journeyman FeSu)
 22150 | Lair:5   | Found a staircase to the Slime Pits.
 22665 | Lair:5   | Killed sadpotato's ghost
 22710 | Lair:5   | Found a runed translucent door.
 23544 | Lair:4   | Found a transporter.
 23549 | Lair:4   | Noticed Majang's ghost (journeyman FoFi)
 23598 | Lair:4   | Found a transporter.
 24223 | D:12     | Learned a level 5 spell: Irradiate
 24415 | D:12     | Reached skill level 1 in Conjurations
 24662 | D:12     | Identified the staff of conjuration "Doriam" {Fly rC+ Will+
                  | rCorr}
 25109 | D:13     | Noticed Rupert
 25119 | D:13     | Killed Rupert
 25383 | D:13     | Found an iron altar of Okawaru.
 25799 | D:13     | Identified the +2 falchion "Peq Moir" {freeze, rC++}
 25804 | D:13     | Identified the +1 ring mail "Daos" {*Slow rElec rC+}
 25825 | D:13     | Reached skill level 5 in Conjurations
 25976 | D:14     | Reached XP level 16. HP: 142/148 MP: 15/25
 26340 | D:14     | Found a gate to the Vaults.
 26922 | D:15     | Entered Level 15 of the Dungeon
 27719 | D:15     | Found Atroosm's Jewellery Shop.
 28114 | D:15     | Found a sparkling altar of Nemelex Xobeh.
 28238 | D:15     | Found a staircase to the Depths.
 28245 | D:15     | Reached skill level 5 in Transmutations
 28561 | Swamp:1  | Entered Level 1 of the Swamp
 29120 | D:15     | Bought the ring of Esuehig {Wiz rElec rC- rN++ Dex+3} for
                  | 645 gold pieces
 29282 | Orc:2    | Bought a book of the Sky for 616 gold pieces
 29293 | Orc:2    | Learned a level 6 spell: Conjure Ball Lightning
 29530 | D:10     | Found a runed translucent gate.
 29530 | D:10     | Found a runed translucent gate.
 29534 | D:10     | Noticed IndexError's ghost (journeyman GrFE)
 29538 | D:10     | Found a runed translucent gate.
 29567 | D:10     | Killed IndexError's ghost
 29617 | D:10     | Gained mutation: You occasionally lose the ability to read
                  | scrolls when taking damage. [mutagenic glow]
 29624 | D:10     | Gained mutation: You are occasionally teleported next to
                  | monsters. [mutagenic glow]
 29733 | Lair:3   | Lost mutation: You are occasionally teleported next to
                  | monsters. [potion of mutation]
 29733 | Lair:3   | Lost mutation: You occasionally lose the ability to read
                  | scrolls when taking damage. [potion of mutation]
 29733 | Lair:3   | Gained mutation: You have hidden genetic defects. [potion
                  | of mutation]
 29733 | Lair:3   | Gained mutation: Your tail ends in a venomous barb. [potion
                  | of mutation]
 29733 | Lair:3   | Gained mutation: You are occasionally teleported next to
                  | monsters. [potion of mutation]
 29734 | Lair:3   | Lost mutation: You have hidden genetic defects. [potion of
                  | mutation]
 29734 | Lair:3   | Lost mutation: Your tail ends in a venomous barb. [potion
                  | of mutation]
 29734 | Lair:3   | Gained mutation: Your flesh is heat resistant. (rF+)
                  | [potion of mutation]
 29735 | Lair:3   | Lost mutation: Your flesh is heat resistant. (rF+) [potion
                  | of mutation]
 29735 | Lair:3   | Lost mutation: You are occasionally teleported next to
                  | monsters. [potion of mutation]
 29735 | Lair:3   | Gained mutation: Your muscles are strong. (Str +4, Int/Dex
                  | -1) [potion of mutation]
 29735 | Lair:3   | Gained mutation: You expend magic power (3 MP) to
                  | strengthen your wands. [potion of mutation]
 29763 | Lair:3   | Killed a tentacled starspawn
 29794 | Lair:3   | Killed jrbgvjkr's ghost
 29795 | Lair:3   | Reached skill level 1 in Throwing
 29937 | Lair:3   | Identified the +8 trident "Iwkeammepn" {flame, MP+9 Str+3
                  | Dex+2}
 29955 | Lair:3   | Got Lugonu's Guide on Peregrination
 30042 | Lair:4   | Killed Majang's ghost
 30217 | Swamp:1  | Reached XP level 17. HP: 118/143 MP: 27/27
 31034 | Swamp:2  | Reached skill level 5 in Throwing
 32194 | Swamp:3  | Found the +9 staff of Olgreb {rPois∞}
 32414 | Swamp:3  | Reached skill level 12 in Air Magic
 32756 | Swamp:3  | Identified Roxanne's Textbook on Metamorphosis
 32756 | Swamp:3  | Noticed Roxanne
 32997 | Swamp:3  | Killed Roxanne
 33485 | Swamp:4  | Entered Level 4 of the Swamp
 34533 | Swamp:4  | Reached skill level 10 in Spellcasting
 34859 | Swamp:4  | Got a decaying rune of Zot
 35010 | Spider:1 | Entered Level 1 of the Spider Nest
 36212 | Spider:2 | Reached XP level 18. HP: 144/163 MP: 22/29
 36221 | Spider:2 | Learned a level 8 spell: Maxwell's Capacitive Coupling
 36391 | Spider:2 | Noticed Mlioglotl
 36415 | Spider:2 | Killed Mlioglotl
 36465 | Spider:2 | Reached skill level 13 in Air Magic
 38336 | Spider:3 | Reached skill level 14 in Air Magic
 39102 | Spider:3 | Gained mutation: You occasionally lose the ability to read
                  | scrolls when taking damage. [mutagenic glow]
 39122 | Spider:3 | Gained mutation: You have a pair of small horns on your
                  | head. [mutagenic glow]
 39139 | Spider:3 | Gained mutation: Potions are less effective at restoring
                  | your health. [mutagenic glow]
 39140 | Spider:3 | Lost mutation: You have a pair of small horns on your head.
                  | [potion of mutation]
 39140 | Spider:3 | Lost mutation: Your muscles are strong. (Str +4, Int/Dex
                  | -1) [potion of mutation]
 39140 | Spider:3 | Gained mutation: You have a pair of small horns on your
                  | head. [potion of mutation]
 39140 | Spider:3 | Gained mutation: Your tail ends in a venomous barb. [potion
                  | of mutation]
 39141 | Spider:3 | Lost mutation: You expend magic power (3 MP) to strengthen
                  | your wands. [potion of mutation]
 39141 | Spider:3 | Lost mutation: You have a pair of small horns on your head.
                  | [potion of mutation]
 39141 | Spider:3 | Lost mutation: Potions are less effective at restoring your
                  | health. [potion of mutation]
 39141 | Spider:3 | Gained mutation: You are occasionally teleported next to
                  | monsters. [potion of mutation]
 39141 | Spider:3 | Gained mutation: Your spells are a little easier to cast,
                  | but a little less powerful. [potion of mutation]
 39142 | Spider:3 | Lost mutation: Your tail ends in a venomous barb. [potion
                  | of mutation]
 39142 | Spider:3 | Lost mutation: You are occasionally teleported next to
                  | monsters. [potion of mutation]
 39142 | Spider:3 | Lost mutation: Your spells are a little easier to cast, but
                  | a little less powerful. [potion of mutation]
 39142 | Spider:3 | Gained mutation: Your natural rate of healing is unusually
                  | fast. [potion of mutation]
 39142 | Spider:3 | Gained mutation: You can exhale a cloud of poison. [potion
                  | of mutation]
 39142 | Spider:3 | Gained mutation: Your mind is acute. (Int +4, Str/Dex -1)
                  | [potion of mutation]
 39591 | Spider:4 | Entered Level 4 of the Spider Nest
 39606 | Spider:4 | Reached skill level 15 in Air Magic
 40365 | Spider:4 | Reached skill level 16 in Air Magic
 40660 | Spider:4 | Reached XP level 19. HP: 169/170 MP: 10/30
 40715 | Spider:4 | Identified 2 scrolls of acquirement
 40716 | Spider:4 | Acquired the +3 barding "Sauneq" {Str+2 Dex+3}
 40723 | Spider:4 | Acquired the Annotations on Moving Guile
 40897 | Spider:4 | Identified the +0 hat of Conscience {Dex-4 Slay+5}
 40907 | Spider:4 | Got a gossamer rune of Zot
 41144 | Elf:1    | Entered Level 1 of the Elven Halls
 41148 | Elf:1    | Paralysed by an air elemental for 1 turns
 41153 | Orc:2    | Paralysed by an air elemental for 1 turns
 41286 | Elf:1    | Found Zicwisar's General Store.
 41305 | Elf:1    | Noticed Jorgrun
 41313 | Elf:1    | Killed Jorgrun
 41314 | Elf:1    | Reached skill level 17 in Air Magic
 41420 | Elf:1    | Bought a scroll of teleportation for 57 gold pieces
 41420 | Elf:1    | Bought a potion of curing for 57 gold pieces
 41420 | Elf:1    | Bought a potion of attraction for 57 gold pieces
 41557 | Elf:1    | Paralysed by an air elemental for 1 turns
 41755 | Elf:1    | Reached skill level 10 in Conjurations
 41794 | Elf:1    | Found a portal to a secret trove of treasure.
 41848 | Elf:1    | You paid a toll of 5 scrolls of fear to enter a treasure
                  | trove
 41849 | Trove    | Entered a treasure trove
 41856 | Trove    | Identified the +0 pair of gloves "Tosiw" {rF+ MP-9 Str+4}
 41857 | Trove    | Identified the +4 pair of gloves "Kavyug" {rElec Slay+2
                  | SInv}
 41870 | Trove    | Identified the +1 helmet of the Storm King {rC+ Dex+4
                  | Stlth+}
 41876 | Trove    | Identified the +1 pair of gloves "Kaofim" {Harm Int+3
                  | Stlth-}
 41884 | Trove    | Identified the +0 barding of Jigsaw {rPois rC+++ rCorr
                  | Slay-2}
 41889 | Trove    | Identified the +0 scale mail of Xom's Supremacy {Str+2}
 41890 | Trove    | Identified the +0 barding of the Salmon {Str+2}
 41891 | Trove    | Identified the +2 barding "Asten" {rC+}
 42195 | Elf:1    | Found a huge runed translucent gate.
 42196 | Elf:1    | Found a huge runed translucent gate.
 42196 | Elf:1    | Found a huge runed translucent gate.
 42196 | Elf:1    | Found a huge runed translucent gate.
 42196 | Elf:1    | Identified the ring of the Amoeba {Fire Dex+2}
 42197 | Elf:1    | Found a huge runed translucent gate.
 42197 | Elf:1    | Found a huge runed translucent gate.
 42197 | Elf:1    | Found a huge runed translucent gate.
 42198 | Elf:1    | Found a huge runed translucent gate.
 42681 | Depths:1 | Entered Level 1 of the Depths
 42948 | Depths:1 | Found a gateway to Hell.
 43027 | Depths:1 | HP: 4/130 [fire dragon/blast of flame (32)]
 43027 | Depths:1 | HP: 1/130 [spore (3)]
 43042 | Depths:1 | fug
 43184 | Depths:1 | Found Animiss's Book Shop.
 43340 | Depths:1 | Found an ancient bone altar of Kikubaaqudgha.
 43540 | Depths:2 | Reached skill level 10 in Armour
 43682 | Depths:2 | Gained mutation: Your body sometimes deteriorates upon
                  | taking damage. [mutagenic glow]
 43726 | Depths:2 | Lost mutation: You can exhale a cloud of poison. [potion of
                  | mutation]
 43726 | Depths:2 | Lost mutation: You occasionally lose the ability to read
                  | scrolls when taking damage. [potion of mutation]
 43726 | Depths:2 | Gained mutation: Your tail ends in a venomous barb. [potion
                  | of mutation]
 43726 | Depths:2 | Gained mutation: You possess an exceptional clarity of
                  | mind. [potion of mutation]
 43726 | Depths:2 | Gained mutation: Your muscles are strong. (Str +4, Int/Dex
                  | -1) [potion of mutation]
 43773 | Depths:2 | Identified the +6 shortbow of Honour {flame, rF+}
 43914 | Depths:2 | Reached XP level 20. HP: 159/160 MP: 7/31
 44320 | Depths:2 | Found a one-way gateway to a ziggurat.
 44410 | Depths:2 | Found a one-way gate leading to the halls of Pandemonium.
 44784 | Depths:3 | Noticed a juggernaut
 44785 | Depths:3 | Found a runed translucent door.
 44787 | Depths:3 | Noticed a caustic shrike
 45839 | Depths:3 | Noticed Louise
 45843 | Depths:3 | Killed Louise
 45844 | Depths:3 | Reached skill level 18 in Air Magic
 45987 | Depths:3 | Killed a juggernaut
 46009 | Depths:3 | Killed a caustic shrike
 46289 | Depths:4 | Entered Level 4 of the Depths
 46891 | Depths:4 | Reached skill level 19 in Air Magic
 46960 | Depths:4 | Reached XP level 21. HP: 152/186 MP: 18/33
 46967 | Depths:4 | Noticed a bone dragon
 46972 | Depths:4 | Killed a bone dragon
 47050 | Depths:4 | Found a gate to the Realm of Zot.
 47211 | Depths:4 | Reached skill level 20 in Air Magic
 47532 | Depths:4 | Found a runed translucent gate.
 47532 | Depths:4 | Found a runed translucent gate.
 47533 | Depths:4 | Found a runed translucent gate.
 47546 | Depths:4 | Noticed fly's ghost (veteran DgDe)
 47547 | Depths:4 | Noticed a juggernaut
 47632 | Depths:4 | Found a shimmering blue altar of Sif Muna.
 47862 | Depths:4 | Killed a juggernaut
 47869 | Depths:4 | Killed fly's ghost
 47939 | Depths:4 | Identified the +2 hat "Anoh Wym" {rF- Str+2 Int+3 Dex+3}
 48128 | Vaults:1 | Entered Level 1 of the Vaults
 48164 | Vaults:1 | Reached skill level 21 in Air Magic
 48486 | Vaults:1 | Found Waonynwo's Distillery.
 48494 | Vaults:1 | Bought a potion of curing for 54 gold pieces
 48494 | Vaults:1 | Bought a potion of curing for 54 gold pieces
 48494 | Vaults:1 | Bought a potion of heal wounds for 90 gold pieces
 48494 | Vaults:1 | Bought a potion of haste for 180 gold pieces
 49227 | Vaults:1 | Identified the +0 chain mail of Curiosity {rPois Int+2
                  | Dex-3}
 49405 | Vaults:1 | Learned a level 1 spell: Apportation
 49432 | Vaults:1 | Identified the +0 scale mail of Uskayaw's Approval {rF++
                  | rC-}
 49684 | Vaults:2 | Noticed Nikola
 49696 | Vaults:2 | Killed Nikola
 49809 | Vaults:2 | Reached XP level 22. HP: 120/177 MP: 6/35
 50038 | Vaults:2 | Found a staircase to the Crypt.
 50290 | Vaults:2 | Noticed Margery
 50298 | Vaults:2 | Killed Margery
 50936 | Vaults:3 | Found Toshrim's Armour Emporium.
 51467 | Vaults:3 | Noticed Jory
 51472 | Vaults:3 | Killed Jory
 51771 | Vaults:3 | Noticed Mara
 51775 | Vaults:3 | Noticed Lavandula's illusion
 51784 | Vaults:3 | Noticed Lavandula's illusion
 51843 | Vaults:3 | Killed Mara
 52505 | Vaults:4 | Noticed Mennas
 52509 | Vaults:4 | Killed Mennas
 52929 | Vaults:4 | Reached skill level 22 in Air Magic
 53127 | Vaults:4 | Learned a level 9 spell: Chain Lightning
 53217 | Vaults:4 | Reached XP level 23. HP: 169/176 MP: 29/37
 53439 | Vaults:4 | Noticed Bai Suzhen
 53447 | Vaults:4 | Killed Bai Suzhen
 53975 | Vaults:4 | Found Wackaosasm's Armour Shoppe.
 54340 | Crypt:1  | Entered Level 1 of the Crypt
 54343 | Crypt:1  | Noticed Aizul
 54353 | Vaults:2 | Killed Aizul
 54707 | Slime:1  | Entered Level 1 of the Pits of Slime
 54966 | Slime:1  | Found a viscous altar of Jiyva.
 55970 | Slime:5  | Entered Level 5 of the Pits of Slime
 56114 | Slime:5  | Paralysed by a great orb of eyes for 3 turns
 56176 | Slime:5  | Noticed the Royal Jelly
 56211 | Slime:5  | Gained mutation: You are frail. (-10% HP) [a shining eye]
 56223 | Slime:4  | Reached skill level 15 in Conjurations
 56519 | Slime:5  | Killed the Royal Jelly
 56598 | Slime:5  | TRJ killed
 56665 | Slime:5  | Identified the ring of Moimiose {Fly Dex+6 Stlth+}
 56698 | Slime:5  | Identified the ring "Ubuzuw" {rElec EV+5 Str+7 Slay+2}
 56701 | Slime:5  | Got a slimy rune of Zot
 57079 | Zot:1    | Entered Level 1 of the Realm of Zot
 57360 | Zot:1    | Reached XP level 24. HP: 160/184 MP: 20/37
 57457 | Zot:1    | Found a runed translucent door.
 57546 | Zot:1    | Noticed Kiciri's ghost (veteran DsGl)
 57641 | Zot:1    | Noticed an orb of fire
 57647 | Zot:1    | Lost mutation: Your mind is acute. (Int +4, Str/Dex -1) [an
                  | orb of fire]
 57648 | Zot:1    | Killed an orb of fire
 58136 | Zot:1    | Identified the +2 robe of the Exiled Beds {Rampage rElec
                  | Dex-3 Archmagi}
 58727 | Zot:1    | Killed Kiciri's ghost
 58747 | Zot:1    | Identified the ring "Gyucito" {*Corrode rPois rN++ Int+5}
 59583 | Zot:2    | Reached skill level 15 in Spellcasting
 60037 | Zot:2    | Learned a level 5 spell: Lee's Rapid Deconstruction
 60232 | Hell     | Entered the Vestibule of Hell
 60232 | Hell     | Noticed Geryon
 60242 | Hell     | Killed Geryon
 60312 | Hell     | Reached skill level 1 in Earth Magic
 60673 | Depths:2 | Reached skill level 5 in Earth Magic
 60713 | Depths:2 | Learned a level 2 spell: Passwall
 60747 | Zig:1    | Entered Level 1 of a ziggurat
 60767 | Zig:2    | Entered Level 2 of a ziggurat
 60800 | Zig:3    | Entered Level 3 of a ziggurat
 60814 | Zig:3    | Identified the ring of the Fool {MP+9 AC+4 Str+3}
 60832 | Zig:4    | Entered Level 4 of a ziggurat
 60835 | Zig:4    | Found the +8 longbow "Zephyr" {speed, Dex+3 SInv}
 60851 | Zig:4    | Identified the +2 helmet of Ysmir {-Cast rElec rC+ Dex+8}
 60880 | Zig:5    | Entered Level 5 of a ziggurat
 60892 | Zig:5    | Reached skill level 23 in Air Magic
 61022 | Zig:6    | Entered Level 6 of a ziggurat
 61033 | Zig:6    | Reached XP level 25. HP: 132/189 MP: 18/38
 61105 | Zig:7    | Entered Level 7 of a ziggurat
 61112 | Zig:7    | Found the +5 Lochaber axe {reach-cleave, Poleaxe Drain}
 61141 | Zig:7    | Identified the staff of air "Rinaoni" {rElec Str+4 Dex+2}
 61152 | Zig:8    | Entered Level 8 of a ziggurat
 61160 | Zig:8    | Noticed a royal mummy
 61169 | Zig:8    | Noticed a royal mummy
 61171 | Zig:8    | Noticed a royal mummy
 61177 | Zig:9    | Entered Level 9 of a ziggurat
 61286 | Zig:9    | Noticed an ancient lich
 61303 | Zig:9    | Killed an ancient lich
 61369 | Zig:9    | Identified the +9 plate armour "Ubail" {Regen+ MP+9 Dex-3}
 61383 | Zig:10   | Entered Level 10 of a ziggurat
 61413 | Zig:10   | Identified the ring "Moeshroh" {rF+ Will+ rCorr Int-5
                  | Dex+3}
 61419 | Zig:10   | Identified the +0 helmet "Cati" {rElec rF+++ Will+ Str-2}
 61443 | Zig:10   | Identified the staff of conjuration "Onudoh" {rC+ Will+}
 61449 | Zig:10   | Identified the +1 helmet of Eternity {Str+3 Int+2}
 61454 | Zig:11   | Entered Level 11 of a ziggurat
 61466 | Zig:11   | Noticed an ancient lich
 61474 | Zig:11   | Killed an ancient lich
 61568 | Zig:11   | Identified the ring of Equivalence {rElec rC++ Dex+6 SInv
                  | Stlth-}
 61577 | Zig:11   | Got the Tome of the Hyperbolic Mob
 61578 | Zig:11   | Identified the +1 battleaxe "Mobydeapt" {venom, Fly rF+
                  | rN+}
 61589 | Zig:12   | Entered Level 12 of a ziggurat
 61600 | Zig:12   | Found the +8 storm bow {elec, penet}
 61608 | Zig:12   | Reached skill level 24 in Air Magic
 61642 | Zig:12   | Identified the ring of Eripoz {rF+ Will- AC+4 Int+8 Dex-2}
 61647 | Zig:12   | Got Eringya's Tractate on the Mutagenic Bane
 61695 | Zig:13   | Entered Level 13 of a ziggurat
 61709 | Zig:13   | Paralysed by an air elemental for 1 turns
 61833 | Zig:13   | Identified the staff of conjuration "Dezxejem" {+Blink rC-
                  | MP+9 Int-4}
 61834 | Zig:13   | Identified the staff of cold "Cacveoj" {rF+ rC+ MP+9 Int+6}
 62154 | Zot:3    | Gained mutation: Your magical capacity is very low. (-20%
                  | MP) [mutagenic glow]
 62401 | Zot:3    | Noticed an orb of fire
 62405 | Zot:3    | Killed an orb of fire
 62891 | Zot:3    | Found a transporter.
 62895 | Zot:3    | Found a transporter.
 63000 | Zot:3    | Found a transporter.
 63002 | Zot:3    | Found a transporter.
 63295 | Zot:3    | Found a transporter.
 63299 | Zot:3    | Found a transporter.
 63456 | Zot:4    | Reached skill level 25 in Air Magic
 63456 | Zot:4    | Reached XP level 26. HP: 172/201 MP: 18/34
 64117 | Zot:4    | Found the +4 dragonskin cloak
 64117 | Zot:4    | Noticed Tiamat
 64122 | Zot:4    | Killed Tiamat
 64499 | Zot:5    | Entered Level 5 of the Realm of Zot
 64621 | Zot:5    | Found a transporter.
 64623 | Zot:5    | Noticed Eteduell's ghost (legendary HuCK)
 64632 | Zot:5    | Noticed a shard shrike
 64641 | Zot:5    | Found a transporter.
 65316 | Zot:5    | Noticed a dread lich
 65326 | Zot:5    | Killed a dread lich
 65422 | Zot:5    | Acquired 998 gold pieces
 65464 | Zot:5    | Noticed an orb of fire
 65470 | Zot:5    | Noticed an orb of fire
 65470 | Zot:5    | Noticed an orb of fire
 65472 | Zot:5    | Noticed a Killer Klown
 65473 | Zot:5    | Noticed a Killer Klown
 65475 | Zot:5    | Noticed a Killer Klown
 65525 | Zot:5    | Killed a Killer Klown
 65543 | Zot:5    | Noticed a Killer Klown
 65549 | Zot:5    | Noticed a Killer Klown
 65553 | Zot:5    | Killed a Killer Klown
 65563 | Zot:5    | Killed a Killer Klown
 65633 | Zot:5    | Killed an orb of fire
 65676 | Zot:5    | Killed an orb of fire
 65681 | Zot:5    | Killed a Killer Klown
 65695 | Zot:5    | Killed a Killer Klown
 65863 | Zot:5    | Noticed a Killer Klown
 65865 | Zot:5    | Noticed a Killer Klown
 66013 | Zot:5    | Killed a Killer Klown
 66018 | Zot:5    | Killed a Killer Klown
 66019 | Zot:5    | Reached XP level 27. HP: 180/190 MP: 23/34
 66024 | Zot:5    | Learned a level 4 spell: Passage of Golubria
 66091 | Zot:5    | Got the Orb of Zot
 66235 | Depths:4 | Noticed Usmon the pandemonium lord
 66246 | Depths:4 | Killed Usmon the pandemonium lord
 66750 | D:1      | Noticed Jihot the pandemonium lord
 66754 | D:1      | Killed Jihot the pandemonium lord
 66768 | D:$      | Escaped with the Orb!

Illustrated notes #..# #..# #..# #..# #..# #..# .. #..# #.?# #..# ..# #^.# #..# #..# ..# #..# #..# #..# ..# #..# #..# #..# ..# #>.# #..# #..# ..######..#######..####..######## .............∩..@................ †.).........>.................... †.####..######..####........##### ..# #..# #..# #........# ..# #..# #..# #........# ..# #..# #..# #........# ..# #..# #..# #........# ..# #..# #..# #........# ..# #..# #..####........# Turn 43042 on Depths:1: fug

.................................
.................................
.................................
.................................
..............#...#..#...........
............#####.#####..........
..........### #..# ##.........
.........## #.## ##........
.........# #@.# #........ ......
#?:):$....):/[[###...... ......
#?!|$......)[!$ #...... ......
##$!./....|.$$# #...... ......
##..........## #...... ......
..............
..........#............#
........# ##..........##
........#


Turn 56598 on Slime:5: TRJ killed

Levels and vault maps discovered:
D:1:      minmay_arrival_widening_spiral_narrow, layout_basic
D:2:      minmay_angry_zag, layout_loops_ring
D:3:      layout_rooms, kennysheep_slug_shrine,
          nicolae_concentric_dashed_squares_mild, st_stairs_12, goddamned_bats,
          uniq_robin
D:4:      layout_basic, minmay_temple_entry_nine_rooms, hangedman_decor_lopped
D:5:      layout_loops_ring, grunt_temple_overflow_open, minivault_4,
          minmay_misc_feat_iff
D:6:      layout_loops_ring, mainiacjoe_overflow_surrounded_room,
          trog_butcher_becter, xom_confusion_cloud, skrybe_limestone_x
D:7:      layout_rooms, serial_shops, shop
D:8:      lemuel_insect_pit, layout_basic, uniq_grum
D:9:      layout_basic, grunt_lair_entry_orc_guard_hut,
          kennysheep_orc_monster_closet_entryway, uniq_joseph
D:10:     layout_basic, overflow_temple_1_default, mainiacjoe_overflow_alcove_2,
          ploomutoo_gammafunk_ghost_potion_laboratory
D:11:     layout_basic, minmay_bent, uniq_psyche
D:12:     layout_long_grid
D:13:     layout_gridville, okawaru_metal_pillars_1_2, uniq_rupert
D:14:     layout_cross, hangedman_vaults_entry_quadrant_bands
D:15:     grunt_enter_depths_snipers, layout_basic, serial_shops,
          nicolae_shop_tiny_waterfront, minmay_misc_feat_cross,
          grunt_ministairs_15, nemelex_diamond_rough_becter
Temple:   compressed_dpeg_triangle_lava_temple
Lair:1:   layout_long_grid, beast_lair_carwin_5, serial_bayou_shore_b
Lair:2:   mu_elephants_graveyard, layout_layer_cave, swamp_mist,
          dreamdust_wasp_nest, uniq_gastronok
Lair:3:   layout_layer_cave, nicolae_spider_entry_lesser_pyramids,
          gammafunk_ghost_abyssal_escape, grunt_megastairs_1
Lair:4:   layout_misc_corridors, gammafunk_ghost_arena, grunt_megastairs_4
Lair:5:   wormcave, layout_regular_city, dpeg_slime_entry_enclosed,
          ebering_ghost_disaster_area, kennysheep_abandoned_house
Swamp:1:  layout_basic_swamp, evilmike_swamp_ruin_rubble_2, swamp_pool1,
          nicolae_swamp_spriggan_camp
Swamp:2:  layout_basic_swamp, hangedman_swamp_blocks
Swamp:3:  layout_falls_marsh, evilmike_swamp_ruin_house_3, uniq_roxanne
Swamp:4:  swamp_alternative, layout_basic_swamp, gammafunk_ghost_cemetery,
          nicolae_swamp_bunyip_nook
Spider:1: layout_spider_delve, drop_trap
Spider:2: layout_chambers, guppyfry_spider_mini_1, uniq_mlioglotl
Spider:3: layout_spider_delve, nicolae_spider_claw_tunnel
Spider:4: guppyfry_spider_rune, drop_trap, nicolae_spider_paper_wasps
Slime:1:  layout_caves, basic_altar
Slime:2:  layout_caves, basic_altar
Slime:3:  layout_caves
Slime:4:  layout_caves
Slime:5
Orc:1:    layout_caves, nicolae_volcano_entry_two_sided, minmay_orc_treasury,
          uniq_fannar, uniq_sonja
Orc:2:    st_orc_open, layout_caves, lightli_church_of_beogh
Elf:1:    nicolae_elf_arrival_aired_out, layout_gridlike, enter_trove_5,
          hangedman_corner_corridor, nicolae_elf_double_double_double_trouble,
          minmay_shop_star, uniq_jorgrun
Vaults:1: ontoclasm_vaults_pinch, ontoclasm_vaults_hangar, v_misc_24,
          hangedman_vaults_capsules, v_misc_14, v_misc_15,
          dpeg_vaults_monster_row, nicolae_vaults_windows_and_doors_thing,
          nicolae_vaults_alarming, vaults_room_corners,
          vaults_room_grunt_arrival_ludios, nicolae_vaults_theta,
          nicolae_vaults_little_squares_4, layout_vaults_omnicross,
          serial_shops, shop
Vaults:2: hangedman_vaults_slither, nicolae_vaults_network_barrier,
          minmay_crypt_entry_nasty_monster, nicolae_vaults_little_squares_2,
          v_pattern_1, v_misc_19, nicolae_vaults_diagonal_hallway_6, v_misc_23,
          hangedman_vaults_impose, vaults_dpeg_diagonal,
          vaults_room_stairs_pillars, layout_vaults_big_room, uniq_margery,
          uniq_nikola
Vaults:3: v_pattern_5, nicolae_vaults_little_squares_4,
          nicolae_vaults_rhombus_7, v_misc_22, ontoclasm_vaults_chip,
          hangedman_vaults_maws, v_misc_12, layout_vaults_quadrants,
          serial_shops, shop, uniq_mara, uniq_jory
Vaults:4: vaults_room_door_ring, hangedman_vaults_locks,
          vaults_room_fancy_cross, nicolae_vaults_little_squares_3, v_misc_29,
          vaults_mumra_hex, v_misc_9, grunt_vaults_trifunnel,
          ontoclasm_vaults_ring_square, hangedman_vaults_impose,
          nicolae_vaults_mini_display_case, v_misc_25, layout_vaults_omnibox,
          serial_shops, nicolae_shop_back_alley_shop, uniq_mennas,
          uniq_bai_suzhen
Crypt:1:  layout_misc_corridors, serial_glass, glass_columns_a, glass_columns_a,
          gammafunk_ghost_crypt, uniq_aizul
Depths:1: layout_small_grid, pf_coc_iceberg, serial_shops,
          nicolae_shop_waterfront, abandoned_shop, abyss_entry_crystal,
          nicolae_kikubaaqudgha_miasma_corner
Depths:2: minmay_curly_fans, layout_basic, enter_ziggurat_f,
          nicolae_figureground_sparkle, grunt_pan_entry_sceptre, hell_entry,
          kilobyte_rumbling_trees
Depths:3: minmay_gate_of_8, layout_gridlike, hell_entry,
          roderic_lattice_octagonal_star, nicolae_abyss_entry_one_way_or_another
Depths:4: grunt_zot_entry_tricorne, layout_gridlike, led_sif_pool,
          gammafunk_ghost_tricky_traps, hell_entry, serial_bayou_shore_b,
          serial_bayou_shore_a
Hell
Zot:1:    lemuel_firehouse, layout_cathedral_of_symmetry,
          ebering_ghost_reflecting_pool
Zot:2:    layout_concentric_octagons
Zot:3:    lemuel_draconian_sentries, layout_misc_corridors,
          serial_nicolae_subway, nicolae_sub_station_crystal,
          nicolae_sub_station_stone, nicolae_sub_station_metal
Zot:4:    layout_misc_corridors, uniq_tiamat
Zot:5:    layout_gridlike, gammafunk_ghost_berserking_beasts

Skill      XL: |  1  2  3  4  5  6  7  8  9 10 11 12 13 14 15 16 17 18 19 20 21 22 23 24 25 26 |
---------------+-------------------------------------------------------------------------------+-----
Poison Magic   | 5 7 6 |  6.5
Spellcasting   | 3 4 5 4 6 8 9 11 12 13 14 15 | 15.5
Unarmed Combat | 2 6 5 6 |  6.1
Fighting       | 1 3 4 9 8 10 | 10.8
Fire Magic     | 3 2 |  2.6
Transmutations | 2 1 2 5 |  5.6
Dodging        | 7 9 8 9 |  9.3
Air Magic      | 6 11 12 16 17 19 21 22 23 25 | 25.9
Stealth        | 2 9 |  9.0
Armour         | 7 9 10 12 13 | 13.1
Translocations | 3 |  3.0
Conjurations   | 5 9 11 12 16 17 18 21 | 21.6
Throwing       | 3 5 |  5.5
Earth Magic    | 5 |  5.1

Action                     |  1- 3 |  4- 6 |  7- 9 | 10-12 | 13-15 | 16-18 | 19-21 | 22-24 | 25-27 || total
---------------------------+-------+-------+-------+-------+-------+-------+-------+-------+-------++-------
  Melee: Unarmed           |    15 |    18 |   146 |   210 |   702 |   635 |   581 |   679 |    77 ||  3063
         Punch             |       |     1 |     6 |     4 |    45 |    50 |    65 |    64 |     6 ||   241
         Constrict         |       |       |       |       |   125 |   134 |   105 |    70 |    14 ||   448
   Cast: Sting             |    66 |    35 |    52 |     5 |       |       |       |       |       ||   158
         Olgreb's Toxic Ra |       |    12 |    32 |    97 |   216 |   191 |   143 |    68 |     2 ||   761
         Spider Form       |       |       |     4 |     9 |     3 |       |       |       |       ||    16
         Ignite Poison     |       |       |    11 |    36 |    97 |    48 |    77 |    52 |     2 ||   323
         Mephitic Cloud    |       |       |     5 |     6 |    18 |    19 |     6 |     8 |       ||    62
         Airstrike         |       |       |       |    19 |    50 |   237 |    69 |    21 |     2 ||   398
         Blink             |       |       |       |       |     3 |     2 |     1 |     3 |     5 ||    14
         Irradiate         |       |       |       |       |       |    59 |    47 |    63 |    16 ||   185
         Conjure Ball Ligh |       |       |       |       |       |    60 |     2 |    51 |    46 ||   159
         Maxwell's Capacit |       |       |       |       |       |    15 |    67 |   146 |   125 ||   353
         Swiftness         |       |       |       |       |       |       |     2 |     1 |     2 ||     5
         Apportation       |       |       |       |       |       |       |       |     2 |     1 ||     3
         Lee's Rapid Decon |       |       |       |       |       |       |       |     7 |       ||     7
         Passwall          |       |       |       |       |       |       |       |     1 |     3 ||     4
         Chain Lightning   |       |       |       |       |       |       |       |       |     1 ||     1
         Passage of Golubr |       |       |       |       |       |       |       |       |     4 ||     4
 Invoke: Sacrifice Essence |       |       |       |     1 |     1 |       |       |       |       ||     2
         Sacrifice Artific |       |       |       |     1 |       |       |       |       |       ||     1
         Draw Out Power    |       |       |       |     4 |     9 |    16 |    11 |     5 |     4 ||    49
         Sacrifice Skill   |       |       |       |     1 |       |       |       |       |       ||     1
         Power Leap        |       |       |       |       |     1 |       |       |       |       ||     1
         Apocalypse        |       |       |       |       |     2 |     6 |    11 |    11 |    11 ||    41
Ability: Spit Poison       |    25 |    25 |    32 |    27 |    33 |     6 |     3 |       |       ||   151
         End Transformatio |       |       |       |     1 |       |       |       |       |       ||     1
         Breathe Poison Ga |       |       |       |       |       |     4 |     7 |       |       ||    11
  Evoke: Wand              |       |     2 |     3 |       |       |       |       |       |       ||     5
    Use: Scroll            |       |     7 |     4 |    14 |     5 |     4 |     7 |     9 |    15 ||    65
         Potion            |       |       |     3 |     3 |       |    11 |     8 |     1 |     6 ||    32
   Stab: Paralysed         |       |       |     5 |       |     7 |     6 |    10 |     7 |     8 ||    43
         Confused          |       |       |       |     1 |       |     4 |       |       |       ||     5
         Invisible         |       |       |       |     2 |     2 |     6 |     4 |     4 |       ||    18
         Sleeping          |       |       |       |       |     6 |     2 |       |     1 |     1 ||    10
         Distracted        |       |       |       |       |     2 |     7 |     4 |     1 |       ||    14
 Armour: Robe              |    16 |    16 |    91 |    32 |       |       |       |       |       ||   155
         Skin              |       |       |     1 |     1 |     4 |       |       |       |       ||     6
         Steam dragon scal |       |       |       |    37 |   241 |   323 |    55 |       |       ||   656
         Fire dragon scale |       |       |       |       |       |       |   325 |   680 |   263 ||  1268
  Dodge: Dodged            |    26 |    31 |   159 |   260 |   677 |   714 |   426 |   586 |   207 ||  3086

Table legend: (Time is in decaauts)
 A = Elapsed time spent in this place.
 B = Non-inter-level travel time spent in this place.
 C = Inter-level travel time spent in this place.
 D = Time resting spent in this place.
 E = Time spent auto-exploring this place.
 F = Levels seen in this place.
 G = Mean time per level.
                   A        B        C        D        E       F      G
               +--------+--------+--------+--------+--------+-----+--------+
         Total |  80393 |  72631 |   7762 |  10906 |  46672 |  67 | 1199.9 |
       Dungeon |  24644 |  21134 |   3510 |   1433 |  16380 |  15 | 1642.9 |
        Temple |    318 |    298 |     20 |      0 |    284 |   1 |  318.0 |
          Lair |   9331 |   8176 |   1155 |    717 |   6041 |   5 | 1866.2 |
         Swamp |   5598 |   5180 |    418 |   2074 |   2265 |   4 | 1399.5 |
   Spider Nest |   7141 |   6884 |    257 |   1123 |   4533 |   4 | 1785.2 |
    Slime Pits |   2386 |   2244 |    142 |    668 |    733 |   5 |  477.2 |
  Orcish Mines |   3110 |   2897 |    213 |    456 |   1706 |   2 | 1555.0 |
   Elven Halls |   1554 |   1521 |     33 |     91 |   1100 |   1 | 1554.0 |
        Vaults |   7788 |   7297 |    491 |    804 |   4962 |   4 | 1947.0 |
         Crypt |      9 |      9 |      0 |      0 |      0 |   1 |    9.0 |
        Depths |   7559 |   6778 |    781 |   1014 |   4300 |   4 | 1889.8 |
          Hell |    196 |    196 |      0 |      0 |     52 |   1 |  196.0 |
           Zot |   8652 |   7917 |    735 |   1685 |   4058 |   5 | 1730.4 |
      Ziggurat |   1250 |   1250 |      0 |    495 |     64 |  13 |   96.2 |
         Trove |     59 |     59 |      0 |      0 |      5 |   1 |   59.0 |
       Volcano |    792 |    792 |      0 |    343 |    182 |   1 |  792.0 |
               +--------+--------+--------+--------+--------+-----+--------+

Top non-repeatable levels by time:
Spider:2: 2646 daAuts
     D:9: 2609 daAuts
  Lair:3: 2587 daAuts
    D:10: 2387 daAuts
  Lair:5: 2353 daAuts
Depths:4: 2263 daAuts
   Zot:1: 2168 daAuts
    D:15: 2132 daAuts
   Zot:2: 2119 daAuts
Vaults:4: 2113 daAuts
Depths:3: 2110 daAuts
 Swamp:3: 2024 daAuts
     D:4: 1958 daAuts
Vaults:3: 1953 daAuts
Depths:2: 1933 daAuts
